Knights vs Atomiques
Created - February 4, 2018 at 23:51
Goals
|
| Knights |
0 |
3 |
4 |
7 |
| Atomiques |
2 |
2 |
1 |
5 |
|
Shots
|
| Knights |
11 |
10 |
11 |
32 |
| Atomiques |
17 |
14 |
10 |
41 |
|
1st period
1. Atomiques , Tyler Brenner 18 (Ryan Shannon 35, Dwight King 28) at 16:32 (PP)
2. Atomiques , Kyle Wharton 5 (Ryan Shannon 36, Tyler Brenner 41) at 19:31 (PP)
Penalties :
Jacob Trouba (Lon) for Hooking (Minor) at 16:16, Jacob Trouba (Lon) for Holding (Minor) at 19:07
2nd period
3. Atomiques , Brett Sutter 21 (Andrew Kozek 16) at 6:49
4. Knights , Brendan Gaunce 8 (Matthew Benning 1, Linden Vey 9) at 9:05
5. Atomiques , Andreas Engqvist 7 (Andrew Kozek 17, Eric Mestery 5) at 10:16
6. Knights , Jimmy Hayes 25 (Michael Raffl 31, James Wright 24) at 16:18
7. Knights , Kevin Hayes 6 (James Wright 25) at 16:58 (PP)
Penalties :
Jacob Trouba (Lon) for Holding (Minor) at 0:41, Shayne Gostisbehere (STB) for Interference (Minor) at 16:40, Ryan Shannon (STB) for Tripping (Minor) at 19:13
3rd period
8. Knights , Scott Wilson 7 (Jacob Trouba 12) at 12:48
9. Atomiques , Andrew Kozek 8 (Brett Sutter 18, Jonas Junland 14) at 13:43
10. Knights , Jordan Martinook 4 (Linden Vey 10, Brendan Gaunce 5) at 14:43
11. Knights , Linden Vey 17 (Brendan Gaunce 6, Jaccob Slavin 9) at 17:37
12. Knights , Jacob Trouba 1 (Jimmy Hayes 18, Ben Scrivens) at 19:01 (Empty Net)
Penalties :
Fredrik Claesson (STB) for Hooking (Minor) at 5:17
Goalie Stats
Ben Scrivens (Lon), 36 saves from 41 shots - (0.878), W, 13-17-3, 60:00 minutes
Sergei Bobrovsky (STB), 25 saves from 31 shots - (0.806), L, 21-11-2, 59:46 minutes
Players Stats for Knights
Player Name G A P +/- PIM S H SB GA TA FO MP PP MP PK MP
------------------------------------------------------------------------------------
Alan Quine 0 0 0 -1 0 1 0 0 0 0 3/4 6:29 0:00 0:00
Brendan Gaunce 1 2 3 1 0 1 5 0 0 0 4/8 16:34 1:48 0:00
Collin Miller 0 0 0 2 0 0 1 0 0 1 0/0 13:57 0:55 1:44
Jaccob Slavin 0 1 1 -1 0 1 1 0 3 0 0/0 21:36 3:21 0:55
Jacob Trouba 1 1 2 2 6 2 2 2 0 0 0/0 25:23 0:55 0:00
James Wright 0 2 2 2 0 2 0 0 1 0 20/34 20:17 2:28 0:36
Jared Spurgeon 0 0 0 2 0 1 0 0 2 2 0/0 29:14 3:21 1:25
Jimmy Hayes 1 1 2 2 0 4 4 1 1 0 1/1 19:46 1:48 0:36
Jordan Martinook 1 0 1 1 0 2 1 0 1 0 0/0 14:37 0:00 0:00
Kevin Hayes 1 0 1 1 0 6 2 0 1 1 1/6 18:31 2:28 1:36
Linden Vey 1 2 3 1 0 4 1 0 1 0 1/1 14:47 0:00 0:00
Matt Puempel 0 0 0 -1 0 0 1 0 0 0 0/0 7:06 0:00 0:27
Matthew Benning 0 1 1 2 0 1 0 3 0 0 0/0 11:14 0:00 0:00
Michael Matheson 0 0 0 -1 0 1 0 2 0 1 0/0 18:33 0:00 1:14
Michael Raffl 0 1 1 2 0 3 0 0 0 1 0/1 21:17 2:28 1:36
Noel Acciari 0 0 0 1 0 2 1 0 1 0 7/13 15:04 0:00 0:27
Scott Wilson 1 0 1 1 0 1 3 0 0 1 0/0 16:24 1:48 0:00
Tom Wilson 0 0 0 -1 0 0 1 0 0 1 0/1 6:29 0:00 0:00
Players Stats for Atomiques
Player Name G A P +/- PIM S H SB GA TA FO MP PP MP PK MP
------------------------------------------------------------------------------------
Andreas Engqvist 1 0 1 1 0 3 0 0 0 0 1/3 7:21 0:00 0:00
Andrew Kozek 1 2 3 0 0 2 1 0 0 0 1/1 12:49 0:00 1:08
Bobby Farnham 0 0 0 0 0 4 0 0 0 1 2/2 11:30 0:00 0:00
Brett Sutter 1 1 2 0 0 6 1 0 0 0 4/5 12:09 0:00 0:28
Brock McGinn 0 0 0 1 0 2 0 0 1 0 0/1 7:21 0:00 0:00
Colby Cohen 0 0 0 -2 0 0 1 2 0 0 0/0 19:36 0:59 1:40
Corey Tropp 0 0 0 0 0 1 5 0 2 0 0/1 14:48 0:53 0:00
Darren Kramer 0 0 0 -1 0 0 0 0 0 0 0/0 0:09 0:00 0:00
Dwight King 0 1 1 -3 0 5 1 1 2 1 1/4 22:28 1:46 0:43
Eric Gustafsson 0 0 0 -1 0 0 0 0 0 0 0/0 10:54 0:00 0:00
Eric Mestery 0 1 1 -1 0 0 0 2 0 1 0/0 10:54 0:00 0:00
Fredrik Claesson 0 0 0 -1 2 1 0 0 0 0 0/0 5:25 0:00 0:00
John Draeger 0 0 0 -1 0 0 0 0 0 0 0/0 5:15 0:00 0:00
Jonas Junland 0 1 1 1 0 1 2 2 1 3 0/0 24:15 1:40 2:36
Joseph Cramarossa 0 0 0 -1 0 0 0 0 0 0 0/0 0:09 0:00 0:00
Kenndal McArdle 0 0 0 0 0 1 1 2 1 0 0/0 15:42 0:53 0:43
Kyle Wharton 1 0 1 1 0 2 2 3 0 2 0/0 24:15 1:40 2:36
Marc-André Cliche 0 0 0 0 0 1 2 0 0 1 5/11 14:48 0:53 0:00
Max McCormick 0 0 0 0 0 0 0 0 0 0 0/0 0:00 0:00 0:00
Mike Halmo 0 0 0 -1 0 0 0 0 0 0 0/0 1:15 0:00 1:06
Mitch Callahan 0 0 0 1 0 0 2 0 0 0 0/1 7:21 0:00 0:00
Ryan Shannon 0 2 2 -3 2 6 1 0 1 0 1/2 23:15 1:46 1:31
Shayne Gostisbehere 0 0 0 -2 2 3 0 0 0 0 0/0 19:35 0:59 1:40
Tyler Brenner 1 1 2 -3 0 3 2 0 0 2 17/38 24:27 1:46 2:53
3 Stars
1 - Brendan Gaunce (Lon)
2 - Jimmy Hayes (Lon)
3 - Linden Vey (Lon)
Power Play
Knights - 1 on 3 Attempt(s) - 33.33%
Atomiques - 2 on 3 Attempt(s) - 66.67%
Penalty Kill
Knights - 1 on 3 Attempt(s) - 33.33%
- Score 0 goal in Penalty Kill
Atomiques - 2 on 3 Attempt(s) - 66.67%
- Score 0 goal in Penalty Kill
Team Stat
Knights - Hits : 23 - Faceoff Wins : 37 - Blocked Shots : 8 - Penalty Minutes : 6
Atomiques - Hits : 21 - Faceoff Wins : 32 - Blocked Shots : 12 - Penalty Minutes : 6
Official
Referees : Fraser Kerry and Hebert Ghislain
Linesman : Michel Cormier and Brad Lazarowich
Game Notes
Jacob Trouba has scored in a empty net!
Finance
Level 1 -- Attendance: 1548 (77.40%) -- Ticket Income $61,920
Level 2 -- Attendance: 700 (70.00%) -- Ticket Income $14,000
Total Attendance: 2248 (74.93%)
Total Ticket Income: $75,920
Other Income: $3,796
Total Income: $79,716
Knights
5 vs 5 Forward
Center Left Wing Right Wing Time % Phy DF OF
1 James Wright Michael Raffl Jimmy Hayes 35 1 2 2
2 Noel Acciari Scott Wilson Kevin Hayes 30 1 2 2
3 Brendan Gaunce Jordan Martinook Linden Vey 25 1 2 2
4 Alan Quine Matt Puempel Tom Wilson 10 1 2 2
5 vs 5 Defense
Defense Defense Time % Phy DF OF
1 Jared Spurgeon Jacob Trouba 40 1 2 2
2 Jaccob Slavin Michael Matheson 30 1 2 2
3 Matthew Benning Collin Miller 20 1 2 2
4 Jared Spurgeon Jacob Trouba 10 1 2 2
PowerPlay Forward
Center Left Wing Right Wing Time % Phy DF OF
1 James Wright Michael Raffl Kevin Hayes 60 1 0 4
2 Brendan Gaunce Scott Wilson Jimmy Hayes 40 1 0 4
PowerPlay Defense
Defense Defense Time % Phy DF OF
1 Jaccob Slavin Jared Spurgeon 60 1 2 2
2 Collin Miller Jacob Trouba 40 1 2 2
Penalty Kill 4 Players Forward
Center Wing Time % Phy DF OF
1 Kevin Hayes Michael Raffl 60 1 3 1
2 James Wright Jimmy Hayes 40 1 3 1
Penalty Kill 4 Players Defense
Defense Defense Time % Phy DF OF
1 Jared Spurgeon Jacob Trouba 60 1 4 0
2 Jaccob Slavin Michael Matheson 40 1 4 0
Penalty Kill - 3 Players Forward
Forward Time % Phy DF OF
1 James Wright 60 0 4 1
2 Kevin Hayes 40 0 4 1
Penalty Kill - 3 Players Defense
Defense Defense Time % Phy DF OF
1 Jared Spurgeon Jacob Trouba 60 1 4 0
2 Jaccob Slavin Michael Matheson 40 1 4 0
4 vs 4 Forward
Center Wing Time % Phy DF OF
1 James Wright Jimmy Hayes 60 1 2 2
2 Noel Acciari Kevin Hayes 40 1 2 2
4 vs 4 Defense
Defense Defense Time % Phy DF OF
1 Jaccob Slavin Jared Spurgeon 60 1 2 2
2 Michael Matheson Jacob Trouba 40 1 2 2
Last Minutes Offensive
Center Left Wing Right Wing Defense Defense
James Wright Michael Raffl Jimmy Hayes Jared Spurgeon Jacob Trouba
Last Minutes Defensive
Center Left Wing Right Wing Defense Defense
James Wright Michael Raffl Jimmy Hayes Jared Spurgeon Jacob Trouba
Goaltenders
Starting : Ben Scrivens
Backup : Magnus Hellberg
Extra Forwards
Normal : Jimmy Hayes, Michael Raffl, James Wright - PP : Michael Raffl, James Wright - PK : Michael Raffl
Extra Defensemen
Normal : Jaccob Slavin, Jacob Trouba, Jared Spurgeon - PP : Jacob Trouba - PK : Jacob Trouba, Jared Spurgeon
Penalty Shots
Jimmy Hayes, James Wright, Kevin Hayes, Michael Raffl, Noel Acciari
Scratches
Cody Bass (Healthy), Jordan Weal (Healthy), David Shields (Healthy), Matt Grzelcyk (Healthy), Brett Connolly (Healthy)
Travis Boyd (Healthy), Zach Trotman (Healthy), Scott Jackson (Healthy), Justin Falk (Healthy), Nikita Nikitin (Healthy)
A.J. Jenks (Healthy), Connor Knapp (Healthy)
Atomiques
5 vs 5 Forward
Center Left Wing Right Wing Time % Phy DF OF
1 Tyler Brenner Dwight King Ryan Shannon 40 1 2 2
2 Marc-André Cliche Kenndal McArdle Corey Tropp 30 1 2 2
3 Brett Sutter Andrew Kozek Bobby Farnham 20 1 2 2
4 Andreas Engqvist Brock McGinn Mitch Callahan 10 1 2 2
5 vs 5 Defense
Defense Defense Time % Phy DF OF
1 Kyle Wharton Jonas Junland 40 1 2 2
2 Shayne Gostisbehere Colby Cohen 30 1 2 2
3 Eric Mestery Eric Gustafsson 20 1 2 2
4 John Draeger Fredrik Claesson 10 1 2 2
PowerPlay Forward
Center Left Wing Right Wing Time % Phy DF OF
1 Tyler Brenner Dwight King Ryan Shannon 60 1 2 2
2 Marc-André Cliche Kenndal McArdle Corey Tropp 40 1 2 2
PowerPlay Defense
Defense Defense Time % Phy DF OF
1 Kyle Wharton Jonas Junland 60 1 2 2
2 Shayne Gostisbehere Colby Cohen 40 1 2 2
Penalty Kill 4 Players Forward
Center Wing Time % Phy DF OF
1 Tyler Brenner Ryan Shannon 60 1 2 2
2 Dwight King Kenndal McArdle 40 1 2 2
Penalty Kill 4 Players Defense
Defense Defense Time % Phy DF OF
1 Kyle Wharton Jonas Junland 60 1 2 2
2 Shayne Gostisbehere Colby Cohen 40 1 2 2
Penalty Kill - 3 Players Forward
Forward Time % Phy DF OF
1 Tyler Brenner 60 1 2 2
2 Ryan Shannon 40 1 2 2
Penalty Kill - 3 Players Defense
Defense Defense Time % Phy DF OF
1 Kyle Wharton Jonas Junland 60 1 2 2
2 Shayne Gostisbehere Colby Cohen 40 1 2 2
4 vs 4 Forward
Center Wing Time % Phy DF OF
1 Tyler Brenner Ryan Shannon 60 1 2 2
2 Dwight King Kenndal McArdle 40 1 2 2
4 vs 4 Defense
Defense Defense Time % Phy DF OF
1 Kyle Wharton Jonas Junland 60 1 2 2
2 Shayne Gostisbehere Colby Cohen 40 1 2 2
Last Minutes Offensive
Center Left Wing Right Wing Defense Defense
Tyler Brenner Dwight King Ryan Shannon Kyle Wharton Jonas Junland
Last Minutes Defensive
Center Left Wing Right Wing Defense Defense
Tyler Brenner Dwight King Ryan Shannon Kyle Wharton Jonas Junland
Goaltenders
Starting : Sergei Bobrovsky
Backup : Jeremy Smith
Extra Forwards
Normal : Darren Kramer, Joseph Cramarossa, Mike Halmo - PP : Darren Kramer, Joseph Cramarossa - PK : Mike Halmo
Extra Defensemen
Normal : Eric Mestery, Eric Gustafsson, John Draeger - PP : Eric Mestery - PK : Eric Gustafsson, John Draeger
Penalty Shots
Tyler Brenner, Ryan Shannon, Dwight King, Kenndal McArdle, Andrew Kozek
Scratches
Steve McCarthy (Healthy), Anthony Nigro (Back Spasms Injury), Francois Tremblay (Healthy)
% Time on Ice - Knights
Lines # - Real PCT - Wanted PCT - Time Play
Normal Forward
1 - 33% - 35% - 17:17
2 - 28% - 30% - 14:36
3 - 28% - 25% - 14:37
4 - 12% - 10% - 6:29
Normal Defense
1 - 38% - 40% - 20:21
2 - 33% - 30% - 17:23
3 - 21% - 20% - 11:14
4 - 8% - 10% - 4:01
PP Forward
1 - 58% - 60% - 2:28
2 - 42% - 40% - 1:48
PP Defense
1 - 79% - 60% - 3:21
2 - 21% - 40% - 0:55
PK Forward
1 - 77% - 60% - 2:03
2 - 23% - 40% - 0:36
PK Defense
1 - 72% - 60% - 1:54
2 - 28% - 40% - 0:45
PK3 Forward
1 - 0% - 60%
2 - 0% - 40%
PK3 Defense
1 - 0% - 60%
2 - 0% - 40%
44 Forward
1 - 0% - 60%
2 - 0% - 40%
44 Defense
1 - 0% - 60%
2 - 0% - 40%
Last Minute Offensive - 0:00
Last Minute Defensive - 0:06
Total
Forward - 60:00
Defense - 60:00
|
% Time on Ice - Atomiques
Lines # - Real PCT - Wanted PCT - Time Play
Normal Forward
1 - 38% - 40% - 19:59
2 - 27% - 30% - 14:06
3 - 22% - 20% - 11:30
4 - 14% - 10% - 7:21
Normal Defense
1 - 38% - 40% - 19:59
2 - 32% - 30% - 16:57
3 - 21% - 20% - 10:54
4 - 10% - 10% - 5:06
PP Forward
1 - 67% - 60% - 1:46
2 - 33% - 40% - 0:53
PP Defense
1 - 63% - 60% - 1:40
2 - 37% - 40% - 0:59
PK Forward
1 - 83% - 60% - 3:33
2 - 17% - 40% - 0:43
PK Defense
1 - 61% - 60% - 2:36
2 - 39% - 40% - 1:40
PK3 Forward
1 - 0% - 60%
2 - 0% - 40%
PK3 Defense
1 - 0% - 60%
2 - 0% - 40%
44 Forward
1 - 0% - 60%
2 - 0% - 40%
44 Defense
1 - 0% - 60%
2 - 0% - 40%
Last Minute Offensive - 0:09
Last Minute Defensive - 0:00
Total
Forward - 60:00
Defense - 60:00
|
Play by Play
1st period
0:01 of 1st period - James Wright wins face-off versus Tyler Brenner in neutral zone.
0:06 of 1st period - James Wright is hit by Tyler Brenner and loses puck.
0:49 of 1st period - Snap shot by Brett Sutter.
0:49 of 1st period - Shot Blocked by Michael Matheson.
0:51 of 1st period - Snap shot by Kyle Wharton.
0:51 of 1st period - Stopped by Ben Scrivens without a rebound.
0:52 of 1st period - Alan Quine wins face-off versus Andreas Engqvist in Knights zone.
1:01 of 1st period - Snap shot by Andreas Engqvist.
1:01 of 1st period - Stopped by Ben Scrivens with a rebound.
1:03 of 1st period - Slapshot by Shayne Gostisbehere.
1:03 of 1st period - Deflect By Brock McGinn.
1:03 of 1st period - Stopped by Ben Scrivens without a rebound.
1:04 of 1st period - Brendan Gaunce wins face-off versus Tyler Brenner in Knights zone.
1:04 of 1st period - Brendan Gaunce is hit by Ryan Shannon.
1:58 of 1st period - Snap shot by Noel Acciari.
1:58 of 1st period - Shot Misses the Net.
2:13 of 1st period - Off-side.
2:14 of 1st period - Alan Quine wins face-off versus Andreas Engqvist in neutral zone.
2:19 of 1st period - Snap shot by Alan Quine.
2:19 of 1st period - Stopped by Sergei Bobrovsky without a rebound.
2:20 of 1st period - Tyler Brenner wins face-off versus James Wright in Atomiques zone.
2:35 of 1st period - Snap shot by Ryan Shannon.
2:35 of 1st period - Deflect By Tyler Brenner.
2:35 of 1st period - Shot Blocked by Jimmy Hayes.
2:35 of 1st period - Puck is out of play.
2:36 of 1st period - Noel Acciari wins face-off versus Marc-André Cliche in Knights zone.
2:36 of 1st period - Noel Acciari is hit by Corey Tropp.
2:44 of 1st period - Marc-André Cliche is hit by Scott Wilson and loses puck.
3:09 of 1st period - Slapshot by Brett Sutter.
3:09 of 1st period - Stopped by Ben Scrivens with a rebound.
3:11 of 1st period - Wrist shot by Andrew Kozek.
3:11 of 1st period - Stopped by Ben Scrivens with a rebound.
3:13 of 1st period - Slapshot by Bobby Farnham.
3:13 of 1st period - Stopped by Ben Scrivens with a rebound.
3:23 of 1st period - Jared Spurgeon is hit by Mitch Callahan.
3:27 of 1st period - Snap shot by Noel Acciari.
3:27 of 1st period - Stopped by Sergei Bobrovsky without a rebound.
3:28 of 1st period - Linden Vey wins face-off versus Brock McGinn in Atomiques zone.
3:31 of 1st period - Snap shot by Linden Vey.
3:31 of 1st period - Stopped by Sergei Bobrovsky without a rebound.
3:32 of 1st period - Brendan Gaunce wins face-off versus Tyler Brenner in Atomiques zone.
3:33 of 1st period - Wrist shot by Linden Vey.
3:33 of 1st period - Shot Blocked by Kyle Wharton.
4:05 of 1st period - Slapshot by James Wright.
4:05 of 1st period - Deflect By Jimmy Hayes.
4:05 of 1st period - Stopped by Sergei Bobrovsky with a rebound.
4:17 of 1st period - Wrist shot by Brett Sutter.
4:17 of 1st period - Shot Misses the Net.
4:19 of 1st period - Wrist shot by Brett Sutter.
4:19 of 1st period - Stopped by Ben Scrivens with a rebound.
4:23 of 1st period - Snap shot by Bobby Farnham.
4:23 of 1st period - Stopped by Ben Scrivens with a rebound.
4:25 of 1st period - Slapshot by Jonas Junland.
4:25 of 1st period - Shot Misses the Net.
4:47 of 1st period - Snap shot by Noel Acciari.
4:47 of 1st period - Shot Misses the Net.
5:28 of 1st period - Snap shot by Corey Tropp.
5:28 of 1st period - Deflect By Kenndal McArdle.
5:28 of 1st period - Stopped by Ben Scrivens without a rebound.
5:29 of 1st period - James Wright wins face-off versus Tyler Brenner in Knights zone.
5:44 of 1st period - Snap shot by Jimmy Hayes.
5:44 of 1st period - Stopped by Sergei Bobrovsky without a rebound.
5:45 of 1st period - Noel Acciari wins face-off versus Corey Tropp in Atomiques zone.
7:03 of 1st period - Snap shot by Brock McGinn.
7:03 of 1st period - Shot Misses the Net.
7:32 of 1st period - James Wright is hit by Dwight King.
7:56 of 1st period - Snap shot by Andrew Kozek.
7:56 of 1st period - Shot Blocked by Matthew Benning.
8:35 of 1st period - Kenndal McArdle is hit by Jimmy Hayes and loses puck.
9:14 of 1st period - Brett Sutter is hit by Kevin Hayes and loses puck.
9:19 of 1st period - Backhand shot by Kevin Hayes.
9:19 of 1st period - Shot Misses the Net.
9:21 of 1st period - Snap shot by Kevin Hayes.
9:21 of 1st period - Stopped by Sergei Bobrovsky with a rebound.
9:23 of 1st period - Slapshot by Jared Spurgeon.
9:23 of 1st period - Stopped by Sergei Bobrovsky with a rebound.
9:39 of 1st period - Wrist shot by Andreas Engqvist.
9:39 of 1st period - Shot Misses the Net.
9:41 of 1st period - Wrist shot by Mitch Callahan.
9:41 of 1st period - Shot Misses the Net.
9:53 of 1st period - Kyle Wharton is hit by Jimmy Hayes and loses puck.
10:34 of 1st period - Off-side.
10:35 of 1st period - Brett Sutter wins face-off versus Noel Acciari in neutral zone.
10:46 of 1st period - Eric Mestery is hit by Jaccob Slavin and loses puck.
11:42 of 1st period - Icing by Brock McGinn.
11:43 of 1st period - Noel Acciari wins face-off versus Mitch Callahan in Atomiques zone.
11:54 of 1st period - Scott Wilson is hit by Kyle Wharton and loses puck.
12:11 of 1st period - Wrist shot by Tyler Brenner.
12:11 of 1st period - Shot Blocked by Jacob Trouba.
12:13 of 1st period - Wrist shot by Tyler Brenner.
12:13 of 1st period - Shot Misses the Net.
12:15 of 1st period - Slapshot by Kyle Wharton.
12:15 of 1st period - Deflect By Dwight King.
12:15 of 1st period - Stopped by Ben Scrivens without a rebound.
12:16 of 1st period - Tyler Brenner wins face-off versus James Wright in Knights zone.
12:17 of 1st period - Wrist shot by Ryan Shannon.
12:17 of 1st period - Stopped by Ben Scrivens without a rebound.
12:18 of 1st period - James Wright wins face-off versus Tyler Brenner in Knights zone.
12:50 of 1st period - Shayne Gostisbehere is hit by Brendan Gaunce and loses puck.
12:59 of 1st period - Kenndal McArdle is hit by Brendan Gaunce and loses puck.
13:12 of 1st period - Jonas Junland is hit by Kevin Hayes.
13:16 of 1st period - Snap shot by Kevin Hayes.
13:16 of 1st period - Deflect By Noel Acciari.
13:16 of 1st period - Stopped by Sergei Bobrovsky with a rebound.
13:20 of 1st period - Wrist shot by Kevin Hayes.
13:20 of 1st period - Stopped by Sergei Bobrovsky with a rebound.
13:22 of 1st period - Snap shot by Michael Matheson.
13:22 of 1st period - Shot Misses the Net.
13:34 of 1st period - Slapshot by Jared Spurgeon.
13:34 of 1st period - Shot Blocked by Kyle Wharton.
13:50 of 1st period - Andreas Engqvist is hit by Jacob Trouba and loses puck.
14:27 of 1st period - Matthew Benning is hit by Brett Sutter and loses puck.
14:38 of 1st period - Snap shot by Andrew Kozek.
14:38 of 1st period - Shot Misses the Net.
14:40 of 1st period - Wrist shot by Fredrik Claesson.
14:40 of 1st period - Stopped by Ben Scrivens with a rebound.
14:51 of 1st period - Off-side.
14:52 of 1st period - Tyler Brenner wins face-off versus James Wright in neutral zone.
15:43 of 1st period - Jaccob Slavin is hit by Corey Tropp and loses puck.
16:16 of 1st period - Minor Penalty to Jacob Trouba for Hooking.
16:17 of 1st period - Tyler Brenner wins face-off versus Kevin Hayes in Knights zone.
16:30 of 1st period - Wrist shot by Ryan Shannon.
16:30 of 1st period - Stopped by Ben Scrivens with a rebound.
16:32 of 1st period - Wrist shot by Tyler Brenner.
16:32 of 1st period - Goal by Tyler Brenner - Knights : 0 - Atomiques : 1.
16:33 of 1st period - James Wright wins face-off versus Tyler Brenner in neutral zone.
16:36 of 1st period - Tyler Brenner is hit by Jimmy Hayes and loses puck.
17:27 of 1st period - Wrist shot by Brett Sutter.
17:27 of 1st period - Shot Misses the Net.
17:29 of 1st period - Wrist shot by Colby Cohen.
17:29 of 1st period - Shot Misses the Net.
18:02 of 1st period - Off-side.
18:03 of 1st period - James Wright wins face-off versus Tyler Brenner in neutral zone.
18:06 of 1st period - Wrist shot by Michael Raffl.
18:06 of 1st period - Stopped by Sergei Bobrovsky with a rebound.
18:17 of 1st period - Snap shot by Jimmy Hayes.
18:17 of 1st period - Shot Blocked by Eric Mestery.
18:19 of 1st period - Slapshot by Jared Spurgeon.
18:19 of 1st period - Deflect By Jimmy Hayes.
18:19 of 1st period - Stopped by Sergei Bobrovsky with a rebound.
18:53 of 1st period - Snap shot by Noel Acciari.
18:53 of 1st period - Shot Blocked by Kyle Wharton.
18:59 of 1st period - Snap shot by Brett Sutter.
18:59 of 1st period - Shot Misses the Net.
19:01 of 1st period - Wrist shot by Brett Sutter.
19:01 of 1st period - Stopped by Ben Scrivens with a rebound.
19:07 of 1st period - Minor Penalty to Jacob Trouba for Holding.
19:08 of 1st period - Tyler Brenner wins face-off versus Kevin Hayes in Knights zone.
19:11 of 1st period - Snap shot by Dwight King.
19:11 of 1st period - Deflect By Tyler Brenner.
19:11 of 1st period - Shot Misses the Net.
19:11 of 1st period - Puck is out of play.
19:12 of 1st period - Kevin Hayes wins face-off versus Dwight King in Knights zone.
19:23 of 1st period - Wrist shot by Dwight King.
19:23 of 1st period - Stopped by Ben Scrivens without a rebound.
19:24 of 1st period - Dwight King wins face-off versus Kevin Hayes in Knights zone.
19:25 of 1st period - Wrist shot by Ryan Shannon.
19:25 of 1st period - Shot Misses the Net.
19:27 of 1st period - Snap shot by Tyler Brenner.
19:27 of 1st period - Shot Misses the Net.
19:29 of 1st period - Wrist shot by Ryan Shannon.
19:29 of 1st period - Shot Misses the Net.
19:31 of 1st period - Slapshot by Kyle Wharton.
19:31 of 1st period - Goal by Kyle Wharton - Knights : 0 - Atomiques : 2.
19:32 of 1st period - Jimmy Hayes wins face-off versus Tyler Brenner in neutral zone.
19:35 of 1st period - Tyler Brenner is hit by Jimmy Hayes and loses puck.
19:58 of 1st period - Jared Spurgeon is hit by Corey Tropp and loses puck.
Goals for this period are 0 for Knights vs 2 for Atomiques.
Shots for this period are 11 for Knights vs 17 for Atomiques.
2nd period
0:01 of 2nd period - James Wright wins face-off versus Tyler Brenner in neutral zone.
0:08 of 2nd period - Wrist shot by Jimmy Hayes.
0:08 of 2nd period - Shot Blocked by Colby Cohen.
0:41 of 2nd period - Minor Penalty to Jacob Trouba for Holding.
0:42 of 2nd period - Tyler Brenner wins face-off versus Kevin Hayes in Knights zone.
0:49 of 2nd period - Backhand shot by Dwight King.
0:49 of 2nd period - Shot Misses the Net.
0:51 of 2nd period - Slapshot by Jonas Junland.
0:51 of 2nd period - Stopped by Ben Scrivens with a rebound.
0:55 of 2nd period - Snap shot by Ryan Shannon.
0:55 of 2nd period - Stopped by Ben Scrivens with a rebound.
2:13 of 2nd period - James Wright is hit by Corey Tropp and loses puck.
2:41 of 2nd period - Penalty to Jacob Trouba is over, Jacob Trouba is back on ice.
2:57 of 2nd period - Andrew Kozek is hit by Tom Wilson and loses puck.
3:18 of 2nd period - Wrist shot by Brock McGinn.
3:18 of 2nd period - Shot Blocked by Jacob Trouba.
3:59 of 2nd period - Backhand shot by Michael Matheson.
3:59 of 2nd period - Stopped by Sergei Bobrovsky with a rebound.
4:11 of 2nd period - Backhand shot by Linden Vey.
4:11 of 2nd period - Stopped by Sergei Bobrovsky without a rebound.
4:12 of 2nd period - Brett Sutter wins face-off versus Brendan Gaunce in Atomiques zone.
4:19 of 2nd period - Slapshot by Bobby Farnham.
4:19 of 2nd period - Stopped by Ben Scrivens with a rebound.
4:33 of 2nd period - Corey Tropp is hit by Collin Miller and loses puck.
5:49 of 2nd period - Wrist shot by Andreas Engqvist.
5:49 of 2nd period - Shot Misses the Net.
5:51 of 2nd period - Snap shot by Andreas Engqvist.
5:51 of 2nd period - Stopped by Ben Scrivens without a rebound.
5:52 of 2nd period - Tyler Brenner wins face-off versus James Wright in Knights zone.
6:19 of 2nd period - Jonas Junland is hit by Scott Wilson and loses puck.
6:49 of 2nd period - Snap shot by Brett Sutter.
6:49 of 2nd period - Goal by Brett Sutter - Knights : 0 - Atomiques : 3.
6:50 of 2nd period - James Wright wins face-off versus Tyler Brenner in neutral zone.
7:03 of 2nd period - Slapshot by Jimmy Hayes.
7:03 of 2nd period - Shot Blocked by Dwight King.
7:15 of 2nd period - Kenndal McArdle is hit by Jacob Trouba and loses puck.
7:24 of 2nd period - Scott Wilson is hit by Corey Tropp and loses puck.
7:35 of 2nd period - Slapshot by Linden Vey.
7:35 of 2nd period - Shot Misses the Net.
8:25 of 2nd period - Slapshot by Ryan Shannon.
8:25 of 2nd period - Shot Hit the Post.
8:27 of 2nd period - Snap shot by Dwight King.
8:27 of 2nd period - Shot Misses the Net.
8:37 of 2nd period - Kenndal McArdle is hit by Noel Acciari.
9:03 of 2nd period - Snap shot by Linden Vey.
9:03 of 2nd period - Shot Misses the Net.
9:05 of 2nd period - Slapshot by Matthew Benning.
9:05 of 2nd period - Deflect By Brendan Gaunce.
9:05 of 2nd period - Goal by Brendan Gaunce - Knights : 1 - Atomiques : 3.
9:06 of 2nd period - Tyler Brenner wins face-off versus James Wright in neutral zone.
9:32 of 2nd period - Kevin Hayes is hit by Marc-André Cliche and loses puck.
10:05 of 2nd period - Bobby Farnham is hit by Brendan Gaunce and loses puck.
10:16 of 2nd period - Wrist shot by Andreas Engqvist.
10:16 of 2nd period - Goal by Andreas Engqvist - Knights : 1 - Atomiques : 4.
10:17 of 2nd period - Tyler Brenner wins face-off versus James Wright in neutral zone.
10:22 of 2nd period - Snap shot by Ryan Shannon.
10:22 of 2nd period - Stopped by Ben Scrivens without a rebound.
10:23 of 2nd period - James Wright wins face-off versus Tyler Brenner in Knights zone.
10:23 of 2nd period - James Wright is hit by Tyler Brenner.
10:49 of 2nd period - Wrist shot by Dwight King.
10:49 of 2nd period - Shot Misses the Net.
11:17 of 2nd period - Snap shot by James Wright.
11:17 of 2nd period - Shot Misses the Net.
11:27 of 2nd period - Snap shot by Ryan Shannon.
11:27 of 2nd period - Stopped by Ben Scrivens without a rebound.
11:28 of 2nd period - Noel Acciari wins face-off versus Marc-André Cliche in Knights zone.
12:02 of 2nd period - Slapshot by Brock McGinn.
12:02 of 2nd period - Stopped by Ben Scrivens without a rebound.
12:03 of 2nd period - Brendan Gaunce wins face-off versus Marc-André Cliche in Knights zone.
12:08 of 2nd period - Eric Mestery is hit by Brendan Gaunce and loses puck.
12:26 of 2nd period - Icing by Eric Gustafsson.
12:27 of 2nd period - Noel Acciari wins face-off versus Brett Sutter in Atomiques zone.
13:01 of 2nd period - Snap shot by James Wright.
13:01 of 2nd period - Stopped by Sergei Bobrovsky without a rebound.
13:02 of 2nd period - Noel Acciari wins face-off versus Marc-André Cliche in Atomiques zone.
13:05 of 2nd period - Snap shot by Kevin Hayes.
13:05 of 2nd period - Stopped by Sergei Bobrovsky with a rebound.
14:01 of 2nd period - Off-side.
14:02 of 2nd period - Marc-André Cliche wins face-off versus Noel Acciari in neutral zone.
14:45 of 2nd period - Off-side.
14:46 of 2nd period - Brett Sutter wins face-off versus Tom Wilson in neutral zone.
15:01 of 2nd period - Snap shot by Brett Sutter.
15:01 of 2nd period - Stopped by Ben Scrivens without a rebound.
15:02 of 2nd period - James Wright wins face-off versus Tyler Brenner in Knights zone.
15:15 of 2nd period - Snap shot by Dwight King.
15:15 of 2nd period - Stopped by Ben Scrivens without a rebound.
15:16 of 2nd period - Tyler Brenner wins face-off versus Noel Acciari in Knights zone.
15:19 of 2nd period - Snap shot by Dwight King.
15:19 of 2nd period - Stopped by Ben Scrivens without a rebound.
15:20 of 2nd period - Tyler Brenner wins face-off versus Noel Acciari in Knights zone.
15:35 of 2nd period - Backhand shot by Dwight King.
15:35 of 2nd period - Stopped by Ben Scrivens with a rebound.
16:16 of 2nd period - Snap shot by Jimmy Hayes.
16:16 of 2nd period - Shot Misses the Net.
16:18 of 2nd period - Slapshot by Jimmy Hayes.
16:18 of 2nd period - Goal by Jimmy Hayes - Knights : 2 - Atomiques : 4.
16:19 of 2nd period - James Wright wins face-off versus Marc-André Cliche in neutral zone.
16:34 of 2nd period - Wrist shot by James Wright.
16:34 of 2nd period - Stopped by Sergei Bobrovsky with a rebound.
16:40 of 2nd period - Minor Penalty to Shayne Gostisbehere for Interference.
16:41 of 2nd period - James Wright wins face-off versus Tyler Brenner in Atomiques zone.
16:52 of 2nd period - Backhand shot by Kevin Hayes.
16:52 of 2nd period - Stopped by Sergei Bobrovsky with a rebound.
16:54 of 2nd period - Snap shot by Kevin Hayes.
16:54 of 2nd period - Stopped by Sergei Bobrovsky without a rebound.
16:55 of 2nd period - James Wright wins face-off versus Tyler Brenner in Atomiques zone.
16:58 of 2nd period - Snap shot by Kevin Hayes.
16:58 of 2nd period - Goal by Kevin Hayes - Knights : 3 - Atomiques : 4.
16:59 of 2nd period - James Wright wins face-off versus Tyler Brenner in neutral zone.
17:12 of 2nd period - Snap shot by Ryan Shannon.
17:12 of 2nd period - Deflect By Tyler Brenner.
17:12 of 2nd period - Shot Misses the Net.
17:12 of 2nd period - Puck is out of play.
17:13 of 2nd period - Marc-André Cliche wins face-off versus Noel Acciari in Knights zone.
17:48 of 2nd period - Snap shot by Andrew Kozek.
17:48 of 2nd period - Deflect By Bobby Farnham.
17:48 of 2nd period - Stopped by Ben Scrivens with a rebound.
18:50 of 2nd period - Off-side.
18:51 of 2nd period - Alan Quine wins face-off versus Tyler Brenner in neutral zone.
19:13 of 2nd period - Minor Penalty to Ryan Shannon for Tripping.
19:14 of 2nd period - James Wright wins face-off versus Tyler Brenner in Atomiques zone.
19:49 of 2nd period - Icing by Scott Wilson.
19:50 of 2nd period - Brendan Gaunce wins face-off versus Tyler Brenner in Knights zone.
19:55 of 2nd period - Kyle Wharton is hit by Scott Wilson and loses puck.
Goals for this period are 3 for Knights vs 2 for Atomiques.
Shots for this period are 10 for Knights vs 14 for Atomiques.
3rd period
0:01 of 3rd period - Tyler Brenner wins face-off versus James Wright in neutral zone.
1:13 of 3rd period - Penalty to Ryan Shannon is over, Ryan Shannon is back on ice.
1:21 of 3rd period - Wrist shot by Tom Wilson.
1:21 of 3rd period - Shot Blocked by Jonas Junland.
1:23 of 3rd period - Slapshot by Matthew Benning.
1:23 of 3rd period - Stopped by Sergei Bobrovsky without a rebound.
1:24 of 3rd period - Marc-André Cliche wins face-off versus Alan Quine in Atomiques zone.
1:49 of 3rd period - Michael Raffl is hit by Mitch Callahan and loses puck.
2:12 of 3rd period - Slapshot by Tyler Brenner.
2:12 of 3rd period - Stopped by Ben Scrivens without a rebound.
2:13 of 3rd period - Tyler Brenner wins face-off versus Noel Acciari in Knights zone.
2:30 of 3rd period - Wrist shot by Jared Spurgeon.
2:30 of 3rd period - Deflect By Scott Wilson.
2:30 of 3rd period - Shot Misses the Net.
2:30 of 3rd period - Puck is out of play.
2:31 of 3rd period - Marc-André Cliche wins face-off versus James Wright in Atomiques zone.
2:56 of 3rd period - Tyler Brenner is hit by Linden Vey and loses puck.
3:45 of 3rd period - Slapshot by Shayne Gostisbehere.
3:45 of 3rd period - Shot Blocked by Matthew Benning.
3:47 of 3rd period - Snap shot by Brock McGinn.
3:47 of 3rd period - Deflect By Andreas Engqvist.
3:47 of 3rd period - Shot Blocked by Matthew Benning.
3:47 of 3rd period - Puck is out of play.
3:48 of 3rd period - James Wright wins face-off versus Ryan Shannon in Knights zone.
4:26 of 3rd period - Slapshot by Jared Spurgeon.
4:26 of 3rd period - Shot Blocked by Kenndal McArdle.
4:44 of 3rd period - Snap shot by Brett Sutter.
4:44 of 3rd period - Shot Misses the Net.
5:10 of 3rd period - Off-side.
5:11 of 3rd period - James Wright wins face-off versus Tyler Brenner in neutral zone.
5:17 of 3rd period - Minor Penalty to Fredrik Claesson for Hooking.
5:18 of 3rd period - James Wright wins face-off versus Tyler Brenner in Atomiques zone.
5:18 of 3rd period - Snap shot by Kevin Hayes.
5:18 of 3rd period - Shot Blocked by Jonas Junland.
5:55 of 3rd period - Slapshot by Shayne Gostisbehere.
5:55 of 3rd period - Stopped by Ben Scrivens without a rebound.
5:56 of 3rd period - James Wright wins face-off versus Dwight King in Knights zone.
7:17 of 3rd period - Penalty to Fredrik Claesson is over, Fredrik Claesson is back on ice.
7:46 of 3rd period - Icing by Brett Sutter.
7:47 of 3rd period - Andrew Kozek wins face-off versus Brendan Gaunce in Atomiques zone.
7:51 of 3rd period - Off-side.
7:52 of 3rd period - Tyler Brenner wins face-off versus Brendan Gaunce in neutral zone.
8:05 of 3rd period - Snap shot by Ryan Shannon.
8:05 of 3rd period - Stopped by Ben Scrivens without a rebound.
8:06 of 3rd period - Marc-André Cliche wins face-off versus James Wright in Knights zone.
8:07 of 3rd period - Slapshot by Corey Tropp.
8:07 of 3rd period - Shot Misses the Net.
8:09 of 3rd period - Slapshot by Marc-André Cliche.
8:09 of 3rd period - Shot Misses the Net.
8:11 of 3rd period - Wrist shot by Kenndal McArdle.
8:11 of 3rd period - Deflect By Corey Tropp.
8:11 of 3rd period - Stopped by Ben Scrivens with a rebound.
8:13 of 3rd period - Snap shot by Marc-André Cliche.
8:13 of 3rd period - Stopped by Ben Scrivens with a rebound.
8:18 of 3rd period - Icing by Jacob Trouba.
8:19 of 3rd period - Tyler Brenner wins face-off versus Michael Raffl in Knights zone.
8:22 of 3rd period - Snap shot by Dwight King.
8:22 of 3rd period - Deflect By Tyler Brenner.
8:22 of 3rd period - Stopped by Ben Scrivens with a rebound.
8:42 of 3rd period - Snap shot by James Wright.
8:42 of 3rd period - Shot Misses the Net.
8:44 of 3rd period - Wrist shot by Jacob Trouba.
8:44 of 3rd period - Stopped by Sergei Bobrovsky with a rebound.
8:46 of 3rd period - Wrist shot by Michael Raffl.
8:46 of 3rd period - Stopped by Sergei Bobrovsky with a rebound.
8:48 of 3rd period - Snap shot by Michael Raffl.
8:48 of 3rd period - Stopped by Sergei Bobrovsky without a rebound.
8:49 of 3rd period - Noel Acciari wins face-off versus Marc-André Cliche in Atomiques zone.
8:52 of 3rd period - Slapshot by Kevin Hayes.
8:52 of 3rd period - Shot Misses the Net.
9:36 of 3rd period - Noel Acciari is hit by Jonas Junland and loses puck.
9:41 of 3rd period - Snap shot by Brett Sutter.
9:41 of 3rd period - Stopped by Ben Scrivens with a rebound.
10:03 of 3rd period - Slapshot by Jaccob Slavin.
10:03 of 3rd period - Deflect By Tyler Brenner.
10:03 of 3rd period - Stopped by Sergei Bobrovsky with a rebound.
10:21 of 3rd period - Michael Matheson is hit by Kenndal McArdle and loses puck.
10:31 of 3rd period - Off-side.
10:32 of 3rd period - Andreas Engqvist wins face-off versus James Wright in neutral zone.
10:35 of 3rd period - Michael Raffl is hit by Jonas Junland and loses puck.
11:37 of 3rd period - Icing by Michael Raffl.
11:38 of 3rd period - Bobby Farnham wins face-off versus Brendan Gaunce in Knights zone.
11:41 of 3rd period - Slapshot by Shayne Gostisbehere.
11:41 of 3rd period - Stopped by Ben Scrivens with a rebound.
12:27 of 3rd period - Slapshot by Jimmy Hayes.
12:27 of 3rd period - Shot Blocked by Eric Mestery.
12:36 of 3rd period - Icing by Eric Mestery.
12:37 of 3rd period - Ryan Shannon wins face-off versus Kevin Hayes in Atomiques zone.
12:48 of 3rd period - Wrist shot by Scott Wilson.
12:48 of 3rd period - Goal by Scott Wilson - Knights : 4 - Atomiques : 4.
12:49 of 3rd period - Tyler Brenner wins face-off versus James Wright in neutral zone.
13:14 of 3rd period - Jared Spurgeon is hit by Kyle Wharton and loses puck.
13:43 of 3rd period - Wrist shot by Andrew Kozek.
13:43 of 3rd period - Goal by Andrew Kozek - Knights : 4 - Atomiques : 5.
13:44 of 3rd period - Tyler Brenner wins face-off versus James Wright in neutral zone.
14:09 of 3rd period - Jared Spurgeon is hit by Colby Cohen and loses puck.
14:20 of 3rd period - Kevin Hayes is hit by Marc-André Cliche and loses puck.
14:43 of 3rd period - Snap shot by Jordan Martinook.
14:43 of 3rd period - Goal by Jordan Martinook - Knights : 5 - Atomiques : 5.
14:44 of 3rd period - James Wright wins face-off versus Tyler Brenner in neutral zone.
15:10 of 3rd period - Bobby Farnham is hit by Brendan Gaunce and loses puck.
15:53 of 3rd period - Backhand shot by Dwight King.
15:53 of 3rd period - Shot Misses the Net.
16:01 of 3rd period - Shayne Gostisbehere is hit by Jordan Martinook and loses puck.
16:24 of 3rd period - Slapshot by Shayne Gostisbehere.
16:24 of 3rd period - Shot Blocked by Michael Matheson.
16:59 of 3rd period - Backhand shot by Jordan Martinook.
16:59 of 3rd period - Stopped by Sergei Bobrovsky with a rebound.
17:01 of 3rd period - Snap shot by Brendan Gaunce.
17:01 of 3rd period - Shot Blocked by Colby Cohen.
17:13 of 3rd period - Slapshot by Shayne Gostisbehere.
17:13 of 3rd period - Stopped by Ben Scrivens with a rebound.
17:33 of 3rd period - Wrist shot by Linden Vey.
17:33 of 3rd period - Stopped by Sergei Bobrovsky with a rebound.
17:35 of 3rd period - Wrist shot by Linden Vey.
17:35 of 3rd period - Shot Misses the Net.
17:37 of 3rd period - Wrist shot by Linden Vey.
17:37 of 3rd period - Goal by Linden Vey - Knights : 6 - Atomiques : 5.
17:38 of 3rd period - Bobby Farnham wins face-off versus James Wright in neutral zone.
18:28 of 3rd period - Slapshot by Kevin Hayes.
18:28 of 3rd period - Shot Blocked by Kenndal McArdle.
18:47 of 3rd period - Atomiques, Sergei Bobrovsky is pulled from the net.
19:01 of 3rd period - Snap shot by Jacob Trouba.
19:01 of 3rd period - Deflect By Fredrik Claesson.
19:01 of 3rd period - Goal by Jacob Trouba - Knights : 7 - Atomiques : 5.
19:01 of 3rd period - Sergei Bobrovsky from Atomiques was sent back in the game.
19:02 of 3rd period - Brett Sutter wins face-off versus James Wright in neutral zone.
19:07 of 3rd period - Jimmy Hayes is hit by Andrew Kozek and loses puck.
19:18 of 3rd period - Wrist shot by Andrew Kozek.
19:18 of 3rd period - Shot Misses the Net.
19:25 of 3rd period - Icing by Matthew Benning.
19:26 of 3rd period - James Wright wins face-off versus Dwight King in Knights zone.
19:59 of 3rd period - Ryan Shannon is hit by Matt Puempel and loses puck.
Goals for this period are 4 for Knights vs 1 for Atomiques.
Shots for this period are 11 for Knights vs 10 for Atomiques.
Back to the Top